 Dungeon Crawl Stone Soup version 0.19-a0-1712-gff403d4 (webtiles) character file.

135 Naow the Chopper (level 4, -3/40 HPs)
             Began as a Deep Dwarf Fighter on Sept 28, 2016.
             Killed by nerve-wracking pain
             ... invoked by an orc priest
              (13 damage)
             ... on level 3 of the Dungeon.
             The game lasted 00:03:47 (2227 turns).

Naow the Chopper (Deep Dwarf Fighter)               Turns: 2227, Time: 00:03:48

Health: -3/40      AC:  7    Str: 20    XL:     4   Next: 97%
Magic:  4/4        EV:  7    Int:  9    God:
Gold:   146        SH:  9    Dex: 12    Spells: 0 memorised, 3 levels left

rFire  . . .     SeeInvis .     a - +0 war axe
rCold  . . .     Gourm    .     b - +0 scale mail
rNeg   . . .     Faith    .     c - +0 shield
rPois  .         Spirit   .     (no helmet)
rElec  .         Dismiss  .     (no cloak)
rCorr  .         Reflect  .     (no gloves)
MR     .....     Harm     .     (no boots)
Stlth  ..........               (no amulet)
                                (no ring)
                                (no ring)

@: non-regenerating
A: damage resistance, recharge devices, sense surroundings 1, slow regeneration
3
a: Device Recharging


You were on level 3 of the Dungeon.
You were not hungry.

You visited 1 branch of the dungeon, and saw 3 of its levels.

You collected 146 gold pieces.

Inventory:

Hand Weapons
 a - a +0 war axe (weapon)
Armour
 b - a +0 scale mail (worn)
 c - a +0 shield (worn)
 i - a +0 cloak
Wands
 e - a wand of heal wounds (3/9)
Scrolls
 j - 3 scrolls of identify {unknown}
 k - 2 scrolls of enchant weapon {unknown}
 m - 2 scrolls of noise {unknown}
 n - 2 scrolls of amnesia {unknown}
 o - 2 scrolls of recharging {unknown}
 r - 2 scrolls of teleportation {unknown}
 s - a scroll of fear {unknown}
 t - 2 scrolls of random uselessness {unknown}
 u - 2 scrolls of remove curse {unknown}
Potions
 d - a potion of might
 g - a potion of haste {unknown}
 h - 2 potions of heal wounds {unknown}
 w - a potion of cure mutation {unknown}
Comestibles
 f - 4 bread rations
 l - 3 meat rations
 p - 4 chunks of flesh
 q - 7 fruits
 v - a beef jerky


   Skills:
 - Level 2.8 Fighting
 + Level 5.3 Axes
 - Level 3.6 Armour
 - Level 3.4 Shields


You had 3 spell levels left.
You didn't know any spells.

Dungeon Overview and Level Annotations

Branches:
Dungeon (3/15)

Altars:
Dithmenos


Innate Abilities, Weirdness & Mutations

You are resistant to damage.
You can recharge devices by infusing magical energy.
You passively map a small area around you.
You do not regenerate.


Message History

The kobold shouts!
You hit the orc.
The orc is lightly wounded.
The orc hits you but does no damage. x2
A leopard gecko comes into view.
You barely miss the orc.
The orc is lightly wounded.
The leopard gecko hisses angrily.
The orc priest calls down the wrath of Beogh upon you.
Beogh smites you!
* * * LOW HITPOINT WARNING * * *
You block the orc's attack.
You are too injured to fight recklessly!
You are too injured to fight recklessly!
You are too injured to fight recklessly!
You slash the orc!
You kill the orc!
The orc priest invokes the aid of Beogh against you.
Pain shoots through your body!
You die... , , #..##..........#### ## #.......##.####* * #.. *##.##.#.##.###### ....* #. #.#.........# * , rl#

#. #....#.####.#
.K.#.*##...#.####.###
#.#.#.###...#.........
#..o)#......######.###
* #@###.#.# #...<
#...#.#.# ##### * *
###.#.#.# * ...#.# ,
,,,* , , ....# * ..###
*, .# , .# , *** ,


You could see an orc priest, a leopard gecko, a kobold and a rat.

Vanquished Creatures
  4 adders
  3 gnolls
  An ooze (D:3)
  2 worms (D:2)
  3 dart slugs
  2 leopard geckos (D:1)
  2 orcs (D:3)
  4 giant cockroaches
  A goblin (D:2)
  7 hobgoblins
  4 jackals (D:2)
  4 kobolds
  A quokka (D:3)
  9 bats
  2 frilled lizards (D:2)
  4 rats
53 creatures vanquished.

Notes
Turn   | Place    | Note
-------+----------+-------------------------------------------
     0 | D:1      | Naow the Deep Dwarf Fighter began the quest for the Orb.
     0 | D:1      | Reached XP level 1. HP: 20/20 MP: 1/1
     8 | D:1      | Reached XP level 2. HP: 20/27 MP: 2/2
   482 | D:1      | Reached skill level 3 in Axes
   975 | D:1      | Reached XP level 3. HP: 21/33 MP: 3/3
  1263 | D:2      | Reached skill level 4 in Axes
  1550 | D:2      | Reached XP level 4. HP: 13/40 MP: 4/4
  2082 | D:3      | Reached skill level 5 in Axes
  2153 | D:3      | Found a shadowy altar of Dithmenos.
  2227 | D:3      | Killed from afar by an orc priest

Vault maps used:
D:1:      sevenhm_arrival_forest_fort_small_5
D:2:      first_bread, hangedman_decor_clover_reticule
D:3:      amethyst_overflow_temple_binary, lemuel_doored_altar, uniq_grinder

Skill      XL: |  1  2  3  4 |
---------------+-------------+-----
Axes           | 3 4 5 |  5.3
Fighting       | |  2.8
Armour         | |  3.6
Shields        | |  3.4

Action                   |  1- 3 |  4- 6 || total
-------------------------+-------+-------++-------
Melee: War axe           |   135 |    56 ||   191
Evoke: Wand              |       |     2 ||     2
  Eat: Chunk             |     2 |     3 ||     5
Armor: Scale mail        |    76 |    19 ||    95
Dodge: Dodged            |    53 |    16 ||    69
Block: Shield            |    85 |    31 ||   116
